[ AOE2 MATCH · #479650219 ]
UnrankedSlavs vs Malay
[ REPLAY ANALYSIS · EXTRACTED FROM THE RECORDED GAME ]
Feudal
10:42
Castle
14:38
Imperial
28:45
| APM avg | 25.6 |
| APM peak | 47 |
| eAPM avg | 16.4 |
| Villagers / military | 161 / 92 |
Focus
⚔️ 23.0% · 🌾 77.0%
Spearman ×38 · Mangonel ×32 · Boyar ×12 · Battering Ram ×9 · Monk ×1
Feudal
9:07
Castle
21:20
Imperial
27:50
| APM avg | 51.1 |
| APM peak | 111 |
| eAPM avg | 29.9 |
| Villagers / military | 171 / 134 |
Focus
⚔️ 23.9% · 🌾 76.1%
Kipchak ×131 · Steppe Lancer ×2 · Monk ×1
Feudal
10:55
Castle
14:11
Imperial
27:27
| APM avg | 40.4 |
| APM peak | 107 |
| eAPM avg | 30.6 |
| Villagers / military | 162 / 248 |
Focus
⚔️ 25.4% · 🌾 74.6%
Battle Elephant ×233 · Trebuchet (Packed) ×6 · Militia ×5 · Mangonel ×4
Feudal
9:16
Castle
13:03
Imperial
30:15
| APM avg | 37.4 |
| APM peak | 85 |
| eAPM avg | 17.1 |
| Villagers / military | 65 / 62 |
Focus
⚔️ 36.5% · 🌾 63.5%
Spearman ×32 · Monk ×29 · Battering Ram ×1
Feudal
11:31
Castle
15:26
Imperial
25:15
| APM avg | 22.1 |
| APM peak | 61 |
| eAPM avg | 12.4 |
| Villagers / military | 110 / 77 |
Focus
⚔️ 27.6% · 🌾 72.4%
Longbowman ×65 · Trebuchet (Packed) ×6 · Scout Cavalry ×5 · Mangonel ×1
Feudal
10:56
Castle
14:28
Imperial
32:47
| APM avg | 31.5 |
| APM peak | 73 |
| eAPM avg | 20.8 |
| Villagers / military | 131 / 137 |
Focus
⚔️ 35.8% · 🌾 64.2%
Camel Scout ×110 · Scout Cavalry ×22 · Mangonel ×3 · Trebuchet (Packed) ×2
Feudal
11:22
Castle
15:18
Imperial
27:41
| APM avg | 28.2 |
| APM peak | 60 |
| eAPM avg | 20.0 |
| Villagers / military | 234 / 231 |
Focus
⚔️ 50.2% · 🌾 49.8%
Archer ×140 · Spearman ×85 · Unknown (1942) ×12 · Unknown (1959) ×7 · Battering Ram ×6 · Unknown (1962) ×3
Feudal
—
Castle
—
Imperial
—
| APM avg | 5.5 |
| APM peak | 36 |
| eAPM avg | 3.1 |
| Villagers / military | 25 / 0 |
Focus
⚔️ 30.6% · 🌾 69.4%
Match map
Initial resources + every placement click. Lines = walls · curves = elevation contours. ◆ gold · ⬟ stone · ● berries · ✦ relic · ◌ wall gap
Your base· ✓ Closed at 14:38 · 0t walls · 2 gate(s)
飘雪's base· ✓ Closed at 21:20 · 0t walls · 3 gate(s)
GRAN KHAN's base· ✓ Closed at 14:11 · 0t walls · 2 gate(s)
survivorsteven's base· ✓ Closed at 13:03 · 0t walls · 2 gate(s)
Not_John_Terry's base· ✓ Closed at 15:26 · 0t walls · 2 gate(s)
Suricata Tactica's base· ✓ Closed at 14:28 · 0t walls · 2 gate(s)
虞小梅's base· ✓ Closed at 15:18 · 0t walls · 2 gate(s)
BruToO's base· ✓ Closed at 12:00 · 0t walls · 2 gate(s)
Smoothed initial terrain · ◌ = detected wall gap · hover for details
Inputs per minute
— Cedax - - 飘雪
Build order — Cedax
First 150 of 392 actions detected
| 0:03 | Create | Villager (Male) |
| 0:04 | Create | Villager (Male) |
| 0:04 | Create | Villager (Male) |
| 0:05 | Build | House |
| 0:08 | Build | House |
| 0:35 | Create | Villager (Male) |
| 1:38 | Create | Villager (Male) |
| 1:53 | Create | Villager (Male) |
| 1:56 | Build | Lumber Camp |
| 2:42 | Create | Villager (Male) |
| 3:03 | Create | Villager (Male) |
| 3:12 | Create | Villager (Male) |
| 3:14 | Build | House |
| 3:15 | Build | House |
| 3:47 | Create | Villager (Male) |
| 3:56 | Create | Villager (Male) |
| 4:25 | Create | Villager (Male) |
| 4:50 | Create | Villager (Male) |
| 4:53 | Build | Mill |
| 5:09 | Create | Villager (Male) |
| 5:51 | Create | Villager (Male) |
| 6:23 | Create | Villager (Male) |
| 6:33 | Create | Villager (Male) |
| 6:45 | Create | Villager (Male) |
| 6:46 | Create | Villager (Male) |
| 6:59 | Create | Villager (Male) |
| 7:27 | Build | Farm |
| 7:30 | Build | Farm |
| 7:34 | Build | Farm |
| 7:51 | Build | Mining Camp |
| 8:14 | Research | Feudal Age |
| 10:33 | Create | Villager (Male) |
| 10:33 | Create | Villager (Male) |
| 10:42 | Age | Feudal Age |
| 10:45 | Build | Market |
| 10:48 | Build | Blacksmith |
| 10:56 | Build | House |
| 11:07 | Research | Loom |
| 11:08 | Create | Villager (Male) |
| 11:58 | Research | Castle Age |
| 12:22 | Research | Double-Bit Axe |
| 12:30 | Research | Horse Collar |
| 13:02 | Create | Villager (Male) |
| 13:02 | Create | Villager (Male) |
| 14:37 | Research | Wheelbarrow |
| 14:38 | Age | Castle Age |
| 14:42 | Build | Town Center |
| 14:52 | Build | Town Center |
| 14:56 | Create | Villager (Male) |
| 15:02 | Research | Bow Saw |
| 15:21 | Build | House |
| 15:22 | Build | House |
| 15:47 | Create | Villager (Male) |
| 15:53 | Build | Farm |
| 15:53 | Build | Farm |
| 16:06 | Create | Villager (Male) |
| 16:15 | Build | House |
| 16:16 | Build | House |
| 16:17 | Build | House |
| 16:20 | Create | Villager (Male) |
| 16:20 | Create | Villager (Male) |
| 16:23 | Build | Farm |
| 16:28 | Create | Villager (Male) |
| 16:36 | Build | Farm |
| 16:43 | Create | Villager (Male) |
| 16:50 | Build | Farm |
| 16:53 | Create | Villager (Male) |
| 17:04 | Create | Villager (Male) |
| 17:09 | Build | Farm |
| 17:13 | Build | Farm |
| 17:15 | Build | Farm |
| 17:27 | Create | Villager (Male) |
| 17:46 | Create | Villager (Male) |
| 17:56 | Build | House |
| 17:57 | Build | House |
| 18:00 | Create | Villager (Male) |
| 18:02 | Build | Farm |
| 18:03 | Build | Farm |
| 18:03 | Build | Farm |
| 18:03 | Build | Farm |
| 18:04 | Build | Farm |
| 18:04 | Build | Farm |
| 18:05 | Create | Villager (Male) |
| 18:08 | Build | Farm |
| 18:10 | Build | Farm |
| 18:13 | Build | Farm |
| 18:16 | Build | Farm |
| 18:19 | Build | Farm |
| 18:22 | Build | Farm |
| 18:27 | Create | Villager (Male) |
| 18:33 | Create | Villager (Male) |
| 18:33 | Create | Villager (Male) |
| 18:34 | Create | Villager (Male) |
| 18:34 | Create | Villager (Male) |
| 18:36 | Build | Farm |
| 18:39 | Build | Farm |
| 18:41 | Build | Farm |
| 18:50 | Build | Farm |
| 18:52 | Create | Villager (Male) |
| 18:57 | Build | House |
| 19:01 | Build | House |
| 19:02 | Build | House |
| 19:09 | Build | Farm |
| 19:10 | Create | Villager (Male) |
| 19:11 | Create | Villager (Male) |
| 19:11 | Create | Villager (Male) |
| 19:11 | Create | Villager (Male) |
| 19:13 | Create | Villager (Male) |
| 19:25 | Build | Farm |
| 19:26 | Create | Villager (Male) |
| 19:32 | Create | Villager (Male) |
| 19:33 | Create | Villager (Male) |
| 19:44 | Build | Farm |
| 19:48 | Build | Farm |
| 19:52 | Create | Villager (Male) |
| 19:53 | Create | Villager (Male) |
| 19:54 | Create | Villager (Male) |
| 19:55 | Create | Villager (Male) |
| 20:00 | Build | Farm |
| 20:04 | Build | Farm |
| 20:05 | Create | Villager (Male) |
| 20:06 | Create | Villager (Male) |
| 20:06 | Create | Villager (Male) |
| 20:11 | Build | Farm |
| 20:15 | Build | Farm |
| 20:16 | Create | Villager (Male) |
| 20:21 | Build | House |
| 20:22 | Build | House |
| 20:23 | Build | House |
| 20:25 | Create | Villager (Male) |
| 20:29 | Research | Gold Mining |
| 20:41 | Research | Heavy Plow |
| 20:42 | Create | Villager (Male) |
| 20:43 | Create | Villager (Male) |
| 20:45 | Create | Villager (Male) |
| 20:53 | Create | Villager (Male) |
| 21:08 | Build | Lumber Camp |
| 21:18 | Build | Farm |
| 21:22 | Build | Farm |
| 21:24 | Create | Villager (Male) |
| 21:27 | Create | Villager (Male) |
| 21:31 | Build | Mining Camp |
| 21:34 | Create | Villager (Male) |
| 21:41 | Create | Villager (Male) |
| 21:49 | Build | Barracks |
| 21:53 | Build | Farm |
| 21:54 | Create | Villager (Male) |
| 21:55 | Create | Villager (Male) |
| 21:55 | Create | Villager (Male) |
| 22:01 | Build | House |
Build order — 飘雪
First 150 of 465 actions detected
| 0:04 | Create | Villager (Male) |
| 0:04 | Create | Villager (Male) |
| 0:04 | Create | Villager (Male) |
| 0:06 | Build | House |
| 0:16 | Build | Lumber Camp |
| 0:31 | Create | Villager (Male) |
| 0:31 | Create | Villager (Male) |
| 1:15 | Build | House |
| 1:19 | Build | House |
| 1:36 | Create | Villager (Male) |
| 1:37 | Create | Villager (Male) |
| 2:08 | Create | Villager (Male) |
| 2:08 | Create | Villager (Male) |
| 2:41 | Create | Villager (Male) |
| 2:42 | Create | Villager (Male) |
| 3:00 | Create | Villager (Male) |
| 3:00 | Create | Villager (Male) |
| 3:22 | Create | Villager (Male) |
| 3:23 | Create | Villager (Male) |
| 3:54 | Create | Villager (Male) |
| 3:54 | Create | Villager (Male) |
| 4:24 | Create | Villager (Male) |
| 4:24 | Create | Villager (Male) |
| 4:25 | Create | Villager (Male) |
| 4:55 | Create | Villager (Male) |
| 4:55 | Create | Villager (Male) |
| 5:06 | Create | Villager (Male) |
| 5:07 | Create | Villager (Male) |
| 5:07 | Create | Villager (Male) |
| 5:19 | Build | Mill |
| 5:22 | Create | Villager (Male) |
| 6:00 | Create | Villager (Male) |
| 6:17 | Create | Villager (Male) |
| 6:57 | Research | Feudal Age |
| 7:41 | Build | House |
| 7:43 | Build | House |
| 8:48 | Create | Villager (Male) |
| 9:07 | Age | Feudal Age |
| 9:15 | Build | Town Center |
| 9:17 | Create | Villager (Male) |
| 9:20 | Research | Double-Bit Axe |
| 9:21 | Research | Double-Bit Axe |
| 9:34 | Create | Villager (Male) |
| 9:59 | Create | Villager (Male) |
| 10:02 | Research | Horse Collar |
| 10:10 | Build | House |
| 10:11 | Build | House |
| 10:15 | Create | Villager (Male) |
| 10:42 | Create | Villager (Male) |
| 10:43 | Create | Villager (Male) |
| 10:43 | Create | Villager (Male) |
| 10:50 | Create | Villager (Male) |
| 11:03 | Build | Farm |
| 11:05 | Build | Farm |
| 11:11 | Create | Villager (Male) |
| 11:14 | Create | Villager (Male) |
| 11:27 | Build | Farm |
| 11:33 | Create | Villager (Male) |
| 11:34 | Create | Villager (Male) |
| 11:41 | Build | Farm |
| 11:58 | Create | Villager (Male) |
| 12:05 | Build | Farm |
| 12:12 | Create | Villager (Male) |
| 12:16 | Create | Villager (Male) |
| 12:33 | Build | Farm |
| 12:34 | Create | Villager (Male) |
| 12:38 | Build | Farm |
| 12:52 | Create | Villager (Male) |
| 12:56 | Build | Farm |
| 13:01 | Build | Farm |
| 13:09 | Build | Farm |
| 13:13 | Build | Farm |
| 13:22 | Build | Farm |
| 13:23 | Create | Villager (Male) |
| 13:26 | Build | Farm |
| 13:29 | Create | Villager (Male) |
| 13:30 | Create | Villager (Male) |
| 13:41 | Build | House |
| 13:42 | Build | House |
| 13:45 | Create | Villager (Male) |
| 13:50 | Build | Farm |
| 13:50 | Create | Villager (Male) |
| 14:00 | Create | Villager (Male) |
| 14:01 | Create | Villager (Male) |
| 14:15 | Create | Villager (Male) |
| 14:17 | Create | Villager (Male) |
| 14:23 | Build | Farm |
| 14:31 | Create | Villager (Male) |
| 14:31 | Create | Villager (Male) |
| 14:46 | Build | Market |
| 14:49 | Build | House |
| 14:54 | Build | Farm |
| 14:55 | Create | Villager (Male) |
| 14:58 | Create | Villager (Male) |
| 15:13 | Create | Villager (Male) |
| 15:14 | Create | Villager (Male) |
| 15:24 | Build | Blacksmith |
| 15:30 | Create | Villager (Male) |
| 15:32 | Create | Villager (Male) |
| 15:45 | Create | Villager (Male) |
| 15:51 | Build | Farm |
| 16:02 | Create | Villager (Male) |
| 16:04 | Build | Farm |
| 16:10 | Create | Villager (Male) |
| 16:14 | Build | House |
| 16:14 | Build | House |
| 16:28 | Build | Mill |
| 16:30 | Build | Farm |
| 16:41 | Build | House |
| 16:42 | Build | House |
| 16:50 | Create | Villager (Male) |
| 17:00 | Build | Mining Camp |
| 17:06 | Build | Farm |
| 17:08 | Build | Farm |
| 17:09 | Build | Farm |
| 17:13 | Build | Farm |
| 17:14 | Create | Villager (Male) |
| 17:16 | Create | Villager (Male) |
| 17:16 | Create | Villager (Male) |
| 17:22 | Build | House |
| 17:23 | Build | House |
| 17:30 | Build | Farm |
| 17:31 | Build | Farm |
| 17:32 | Research | Gold Mining |
| 17:40 | Create | Villager (Male) |
| 17:47 | Build | Farm |
| 17:57 | Create | Villager (Male) |
| 18:03 | Build | Farm |
| 18:06 | Create | Villager (Male) |
| 18:09 | Create | Villager (Male) |
| 18:19 | Build | Farm |
| 18:25 | Build | House |
| 18:26 | Build | House |
| 18:35 | Create | Villager (Male) |
| 18:38 | Research | Castle Age |
| 18:42 | Build | Farm |
| 18:45 | Research | Stone Mining |
| 19:04 | Build | Farm |
| 19:05 | Build | Farm |
| 19:19 | Create | Villager (Male) |
| 19:20 | Create | Villager (Male) |
| 19:20 | Create | Villager (Male) |
| 19:20 | Create | Villager (Male) |
| 19:21 | Create | Villager (Male) |
| 19:21 | Create | Villager (Male) |
| 19:21 | Create | Villager (Male) |
| 19:50 | Build | Barracks |
| 19:56 | Create | Villager (Male) |
| 19:56 | Create | Villager (Male) |
| 20:01 | Create | Villager (Male) |
Build order — GRAN KHAN
First 150 of 569 actions detected
| 0:02 | Create | Villager (Male) |
| 0:02 | Create | Villager (Male) |
| 0:02 | Create | Villager (Male) |
| 0:03 | Build | House |
| 0:04 | Build | House |
| 0:05 | Create | Villager (Male) |
| 0:05 | Create | Villager (Male) |
| 1:24 | Create | Villager (Male) |
| 1:58 | Create | Villager (Male) |
| 2:18 | Create | Villager (Male) |
| 2:36 | Build | Lumber Camp |
| 2:42 | Create | Villager (Male) |
| 2:42 | Create | Villager (Male) |
| 3:00 | Create | Villager (Male) |
| 3:25 | Create | Villager (Male) |
| 3:26 | Create | Villager (Male) |
| 3:26 | Create | Villager (Male) |
| 3:31 | Build | House |
| 3:52 | Create | Villager (Male) |
| 4:26 | Create | Villager (Male) |
| 4:26 | Create | Villager (Male) |
| 4:27 | Create | Villager (Male) |
| 4:45 | Build | House |
| 5:26 | Create | Villager (Male) |
| 5:26 | Create | Villager (Male) |
| 5:27 | Create | Villager (Male) |
| 5:44 | Create | Villager (Male) |
| 5:45 | Create | Villager (Male) |
| 5:45 | Create | Villager (Male) |
| 5:52 | Build | House |
| 6:11 | Create | Villager (Male) |
| 6:26 | Build | Mill |
| 6:31 | Create | Villager (Male) |
| 6:48 | Create | Villager (Male) |
| 6:49 | Create | Villager (Male) |
| 6:50 | Create | Villager (Male) |
| 8:11 | Create | Villager (Male) |
| 9:26 | Research | Feudal Age |
| 9:26 | Research | Feudal Age |
| 9:54 | Build | Farm |
| 9:55 | Build | Farm |
| 9:56 | Build | Farm |
| 10:39 | Create | Villager (Male) |
| 10:39 | Create | Villager (Male) |
| 10:40 | Create | Villager (Male) |
| 10:45 | Build | House |
| 10:55 | Age | Feudal Age |
| 11:00 | Build | Market |
| 11:02 | Build | Blacksmith |
| 11:54 | Create | Villager (Male) |
| 11:59 | Build | Mining Camp |
| 12:08 | Build | House |
| 12:22 | Research | Castle Age |
| 12:55 | Research | Double-Bit Axe |
| 13:15 | Build | Farm |
| 13:20 | Research | Gold Mining |
| 13:28 | Build | Farm |
| 13:33 | Build | Farm |
| 13:39 | Research | Horse Collar |
| 13:57 | Build | Farm |
| 14:00 | Create | Villager (Male) |
| 14:11 | Age | Castle Age |
| 14:27 | Build | Town Center |
| 14:43 | Create | Villager (Male) |
| 14:58 | Create | Villager (Male) |
| 15:11 | Build | Farm |
| 15:13 | Build | Farm |
| 15:15 | Build | Farm |
| 15:18 | Create | Villager (Male) |
| 15:33 | Create | Villager (Male) |
| 15:39 | Build | House |
| 15:44 | Build | Farm |
| 15:46 | Build | Farm |
| 15:51 | Build | Farm |
| 15:58 | Create | Villager (Male) |
| 15:58 | Create | Villager (Male) |
| 16:10 | Create | Villager (Male) |
| 16:13 | Build | Farm |
| 16:31 | Build | Town Center |
| 16:33 | Create | Villager (Male) |
| 16:37 | Create | Villager (Male) |
| 16:37 | Create | Villager (Male) |
| 16:53 | Create | Villager (Male) |
| 16:53 | Create | Villager (Male) |
| 16:54 | Research | Loom |
| 17:07 | Create | Villager (Male) |
| 17:08 | Create | Villager (Male) |
| 17:15 | Build | House |
| 17:18 | Create | Villager (Male) |
| 17:30 | Create | Villager (Male) |
| 17:32 | Create | Villager (Male) |
| 17:32 | Create | Villager (Male) |
| 17:43 | Create | Villager (Male) |
| 17:51 | Create | Villager (Male) |
| 17:55 | Build | Farm |
| 17:56 | Build | Farm |
| 17:58 | Create | Villager (Male) |
| 18:13 | Create | Villager (Male) |
| 18:18 | Build | Town Center |
| 18:20 | Create | Villager (Male) |
| 18:20 | Create | Villager (Male) |
| 18:31 | Create | Villager (Male) |
| 18:31 | Create | Villager (Male) |
| 18:36 | Build | Farm |
| 18:39 | Build | Farm |
| 18:44 | Create | Villager (Male) |
| 18:47 | Build | House |
| 19:05 | Create | Villager (Male) |
| 19:05 | Create | Villager (Male) |
| 19:11 | Create | Villager (Male) |
| 19:11 | Create | Villager (Male) |
| 19:18 | Build | House |
| 19:19 | Build | House |
| 19:21 | Create | Villager (Male) |
| 19:27 | Build | Farm |
| 19:29 | Build | Farm |
| 19:31 | Build | Farm |
| 19:31 | Create | Villager (Male) |
| 19:32 | Create | Villager (Male) |
| 19:33 | Build | Farm |
| 19:47 | Create | Villager (Male) |
| 19:47 | Create | Villager (Male) |
| 19:48 | Build | Farm |
| 19:53 | Create | Villager (Male) |
| 19:56 | Build | House |
| 19:58 | Build | Farm |
| 19:59 | Build | Farm |
| 20:00 | Create | Villager (Male) |
| 20:01 | Create | Villager (Male) |
| 20:04 | Build | Farm |
| 20:10 | Build | Farm |
| 20:14 | Research | Wheelbarrow |
| 20:14 | Research | Wheelbarrow |
| 20:23 | Build | House |
| 20:24 | Create | Villager (Male) |
| 20:27 | Build | Farm |
| 20:29 | Build | Farm |
| 20:30 | Create | Villager (Male) |
| 20:31 | Create | Villager (Male) |
| 20:32 | Build | Farm |
| 20:33 | Create | Villager (Male) |
| 20:37 | Build | House |
| 20:39 | Build | House |
| 20:39 | Build | House |
| 20:44 | Create | Villager (Male) |
| 20:44 | Create | Villager (Male) |
| 20:46 | Build | Farm |
| 20:47 | Create | Villager (Male) |
| 20:55 | Build | Farm |
| 21:01 | Build | Farm |
Build order — survivorsteven
First 150 of 205 actions detected
| 0:01 | Create | Villager (Male) ×4 |
| 0:02 | Build | House |
| 0:05 | Build | House |
| 1:20 | Create | Villager (Male) |
| 1:21 | Create | Villager (Male) |
| 1:54 | Build | Lumber Camp |
| 1:56 | Create | Villager (Male) |
| 1:57 | Create | Villager (Male) |
| 2:30 | Create | Villager (Male) |
| 2:30 | Create | Villager (Male) |
| 2:31 | Create | Villager (Male) |
| 2:32 | Create | Villager (Male) |
| 2:33 | Build | House |
| 2:34 | Build | House |
| 3:19 | Create | Villager (Male) |
| 3:19 | Create | Villager (Male) |
| 3:19 | Create | Villager (Male) |
| 3:56 | Create | Villager (Male) |
| 3:56 | Create | Villager (Male) |
| 3:57 | Create | Villager (Male) |
| 4:37 | Create | Villager (Male) |
| 4:37 | Create | Villager (Male) |
| 5:26 | Create | Villager (Male) |
| 5:33 | Build | Mining Camp |
| 5:47 | Create | Villager (Male) |
| 5:48 | Create | Villager (Male) |
| 6:39 | Create | Villager (Male) |
| 6:46 | Build | Mill |
| 7:06 | Research | Feudal Age |
| 8:31 | Create | Villager (Male) |
| 8:31 | Create | Villager (Male) |
| 9:16 | Age | Feudal Age |
| 9:21 | Build | Market |
| 9:24 | Build | Blacksmith |
| 10:23 | Research | Castle Age |
| 11:22 | Research | Gold Mining |
| 11:22 | Research | Double-Bit Axe |
| 11:52 | Research | Loom |
| 12:07 | Build | House |
| 13:03 | Age | Castle Age |
| 13:08 | Build | Monastery |
| 13:18 | Create | Villager (Male) |
| 13:18 | Create | Villager (Male) |
| 13:41 | Build | Siege Workshop |
| 13:52 | Create | Monk |
| 13:54 | Create | Monk |
| 13:55 | Create | Villager (Male) |
| 14:33 | Create | Battering Ram |
| 14:45 | Build | House |
| 14:55 | Create | Monk |
| 14:55 | Research | Sanctity |
| 14:58 | Create | Villager (Male) |
| 14:59 | Create | Villager (Male) |
| 14:59 | Create | Villager (Male) |
| 15:08 | Build | Mining Camp |
| 15:36 | Build | Monastery |
| 15:58 | Build | House |
| 15:59 | Build | House |
| 16:00 | Build | House |
| 16:01 | Build | House |
| 16:06 | Create | Villager (Male) |
| 16:19 | Create | Monk |
| 16:34 | Create | Villager (Male) |
| 16:39 | Research | Bow Saw |
| 16:48 | Research | Horse Collar |
| 16:50 | Build | Farm |
| 16:52 | Build | Farm |
| 17:35 | Build | Farm |
| 17:55 | Research | Town Watch |
| 17:55 | Create | Villager (Male) |
| 17:59 | Build | Farm |
| 18:02 | Build | Farm |
| 18:06 | Build | Farm |
| 18:10 | Build | Farm |
| 18:12 | Create | Villager (Male) |
| 18:27 | Create | Monk |
| 18:27 | Create | Monk |
| 18:49 | Build | Mining Camp |
| 19:20 | Research | Atonement |
| 19:32 | Create | Villager (Male) |
| 19:35 | Build | Farm |
| 19:36 | Build | Farm |
| 19:56 | Create | Monk |
| 19:57 | Research | Fervor |
| 20:01 | Create | Villager (Male) |
| 20:02 | Create | Villager (Male) |
| 20:05 | Build | Farm |
| 20:06 | Build | Farm |
| 20:06 | Build | Farm |
| 20:08 | Create | Villager (Male) |
| 21:20 | Create | Villager (Male) |
| 21:21 | Create | Villager (Male) |
| 21:24 | Build | Farm |
| 21:25 | Build | Farm |
| 22:27 | Create | Monk |
| 22:27 | Create | Monk |
| 22:27 | Create | Monk |
| 22:28 | Create | Monk |
| 23:11 | Research | Redemption |
| 23:41 | Build | Farm |
| 23:44 | Create | Villager (Male) |
| 23:44 | Create | Villager (Male) |
| 24:03 | Create | Monk |
| 24:04 | Create | Monk |
| 26:04 | Create | Monk |
| 26:04 | Create | Monk |
| 26:13 | Build | Mining Camp |
| 26:15 | Create | Villager (Male) |
| 26:16 | Create | Villager (Male) |
| 26:47 | Build | Monastery |
| 26:50 | Build | Mining Camp |
| 26:52 | Research | Imperial Age |
| 26:56 | Build | Lumber Camp |
| 28:22 | Create | Monk |
| 28:27 | Build | Farm |
| 28:29 | Build | House |
| 28:30 | Build | House |
| 29:19 | Create | Monk |
| 29:19 | Create | Monk |
| 29:20 | Create | Monk |
| 29:34 | Research | Stone Mining |
| 29:37 | Build | Farm |
| 29:38 | Build | Farm |
| 29:41 | Research | Fletching |
| 30:15 | Age | Imperial Age |
| 30:22 | Research | Block Printing |
| 30:38 | Create | Villager (Male) |
| 30:39 | Build | Farm |
| 30:40 | Build | Farm |
| 30:41 | Research | Wheelbarrow |
| 30:49 | Build | Monastery |
| 30:51 | Build | Monastery |
| 31:06 | Build | House |
| 31:07 | Build | House |
| 31:08 | Build | House |
| 31:12 | Research | Gold Shaft Mining |
| 31:26 | Research | Theocracy |
| 31:35 | Research | Theocracy |
| 31:36 | Research | Illumination |
| 32:05 | Research | Illumination |
| 32:06 | Create | Monk |
| 32:07 | Create | Monk |
| 32:14 | Build | Farm |
| 32:15 | Build | Farm |
| 32:16 | Build | Farm |
| 32:18 | Build | Farm |
| 32:19 | Create | Villager (Male) |
| 32:20 | Create | Villager (Male) |
| 32:20 | Research | Hand Cart |
| 32:24 | Research | Heavy Plow |
Build order — Not_John_Terry
First 150 of 219 actions detected
| 0:02 | Create | Villager (Male) |
| 0:02 | Create | Villager (Male) |
| 0:02 | Create | Villager (Male) |
| 0:03 | Create | Villager (Male) |
| 0:03 | Create | Villager (Male) |
| 0:04 | Build | House |
| 0:06 | Build | House |
| 1:38 | Create | Villager (Male) |
| 1:38 | Create | Villager (Male) |
| 1:58 | Build | Lumber Camp |
| 2:01 | Create | Villager (Male) |
| 2:01 | Create | Villager (Male) |
| 2:02 | Create | Villager (Male) |
| 2:15 | Create | Villager (Male) |
| 2:15 | Create | Villager (Male) |
| 2:15 | Create | Villager (Male) |
| 2:39 | Create | Villager (Male) |
| 2:39 | Create | Villager (Male) |
| 2:39 | Create | Villager (Male) |
| 3:28 | Build | House |
| 3:32 | Build | House |
| 3:40 | Create | Villager (Male) |
| 3:40 | Create | Villager (Male) |
| 3:41 | Create | Villager (Male) |
| 4:08 | Create | Villager (Male) |
| 4:08 | Create | Villager (Male) |
| 4:23 | Build | Mill |
| 5:25 | Create | Villager (Male) |
| 5:25 | Create | Villager (Male) |
| 5:26 | Create | Villager (Male) |
| 5:26 | Create | Villager (Male) |
| 5:57 | Create | Villager (Male) |
| 5:58 | Create | Villager (Male) |
| 6:23 | Create | Villager (Male) |
| 6:27 | Build | Mining Camp |
| 7:39 | Build | House |
| 7:40 | Build | House |
| 7:55 | Create | Villager (Male) |
| 7:55 | Create | Villager (Male) |
| 8:56 | Create | Villager (Male) |
| 8:56 | Create | Villager (Male) |
| 8:57 | Create | Villager (Male) |
| 9:03 | Build | Mining Camp |
| 9:21 | Research | Feudal Age |
| 11:10 | Create | Villager (Male) |
| 11:11 | Create | Villager (Male) |
| 11:11 | Create | Villager (Male) |
| 11:31 | Build | House |
| 11:31 | Age | Feudal Age |
| 11:39 | Build | Market |
| 11:44 | Build | Blacksmith |
| 12:30 | Research | Castle Age |
| 12:31 | Research | Castle Age |
| 13:02 | Research | Horse Collar |
| 13:06 | Build | Farm |
| 13:07 | Build | Farm |
| 13:20 | Build | Farm |
| 13:24 | Build | Farm |
| 13:54 | Build | Farm |
| 13:56 | Build | Farm |
| 14:02 | Build | Farm |
| 14:09 | Build | Farm |
| 14:11 | Build | Farm |
| 14:14 | Build | Farm |
| 15:12 | Research | Loom |
| 15:13 | Create | Villager (Male) |
| 15:14 | Create | Villager (Male) |
| 15:14 | Create | Villager (Male) |
| 15:26 | Age | Castle Age |
| 15:32 | Build | Castle |
| 15:46 | Research | Wheelbarrow |
| 15:56 | Build | House |
| 15:57 | Build | House |
| 15:59 | Build | House |
| 16:00 | Build | House |
| 16:13 | Research | Fletching |
| 16:22 | Build | Siege Workshop |
| 16:42 | Build | Mining Camp |
| 16:57 | Create | Villager (Male) |
| 16:57 | Create | Villager (Male) |
| 16:57 | Create | Villager (Male) |
| 18:06 | Build | Farm |
| 18:10 | Build | Farm |
| 18:16 | Build | Farm |
| 18:25 | Build | Farm |
| 18:50 | Create | Villager (Male) |
| 18:51 | Create | Villager (Male) |
| 18:55 | Build | Farm |
| 19:07 | Research | Double-Bit Axe |
| 19:11 | Research | Gold Mining |
| 19:19 | Build | Farm |
| 19:41 | Create | Villager (Male) |
| 19:49 | Build | Farm |
| 19:51 | Build | Farm |
| 19:55 | Build | Farm |
| 20:16 | Create | Villager (Male) |
| 20:38 | Create | Villager (Male) |
| 21:10 | Create | Villager (Male) |
| 21:33 | Create | Villager (Male) |
| 22:05 | Research | Imperial Age |
| 22:41 | Create | Longbowman ×5 |
| 22:41 | Create | Longbowman ×5 |
| 23:14 | Research | Bow Saw |
| 23:16 | Research | Heavy Plow |
| 23:59 | Research | Bodkin Arrow |
| 24:18 | Build | Town Center |
| 24:31 | Build | Town Center |
| 24:40 | Create | Villager (Male) |
| 24:40 | Create | Villager (Male) |
| 24:40 | Create | Villager (Male) |
| 25:15 | Age | Imperial Age |
| 25:17 | Create | Trebuchet (Packed) |
| 25:17 | Create | Trebuchet (Packed) |
| 25:30 | Create | Trebuchet (Packed) |
| 26:17 | Create | Mangonel |
| 26:25 | Build | Lumber Camp |
| 26:35 | Create | Villager (Male) |
| 26:35 | Create | Villager (Male) |
| 26:36 | Create | Villager (Male) |
| 26:36 | Create | Villager (Male) |
| 26:36 | Create | Villager (Male) |
| 26:36 | Create | Villager (Male) |
| 26:37 | Create | Villager (Male) |
| 26:37 | Create | Villager (Male) |
| 26:37 | Create | Villager (Male) |
| 26:37 | Create | Villager (Male) |
| 26:49 | Create | Longbowman |
| 26:50 | Create | Longbowman |
| 26:50 | Create | Longbowman |
| 27:21 | Research | Conscription |
| 27:32 | Build | University |
| 28:22 | Create | Villager (Male) ×5 |
| 28:38 | Research | Ballistics |
| 28:40 | Research | Chemistry |
| 28:58 | Research | Padded Archer Armor |
| 29:12 | Create | Longbowman ×5 |
| 29:13 | Create | Longbowman ×5 |
| 29:13 | Create | Longbowman ×5 |
| 29:44 | Create | Longbowman ×4 |
| 30:34 | Research | Hand Cart |
| 30:35 | Research | Town Watch |
| 30:48 | Build | Mining Camp |
| 31:00 | Create | Longbowman ×5 |
| 31:10 | Build | Barracks |
| 31:30 | Create | Villager (Male) ×5 |
| 31:30 | Create | Villager (Male) ×5 |
| 31:40 | Build | Mill |
| 31:41 | Build | Farm |
| 31:41 | Build | Farm |
| 31:41 | Build | Farm |
Build order — Suricata Tactica
First 150 of 441 actions detected
| 0:01 | Create | Villager (Male) |
| 0:01 | Create | Villager (Male) |
| 0:01 | Create | Villager (Male) |
| 0:02 | Create | Villager (Male) |
| 0:03 | Build | House |
| 0:04 | Build | House |
| 1:22 | Create | Villager (Male) |
| 1:22 | Create | Villager (Male) |
| 1:42 | Create | Villager (Male) |
| 1:42 | Create | Villager (Male) |
| 1:44 | Build | Lumber Camp |
| 2:03 | Create | Villager (Male) |
| 2:04 | Create | Villager (Male) |
| 2:26 | Create | Villager (Male) |
| 2:26 | Create | Villager (Male) |
| 2:26 | Create | Villager (Male) |
| 2:57 | Create | Villager (Male) |
| 3:11 | Create | Villager (Male) |
| 3:12 | Create | Villager (Male) |
| 3:35 | Create | Villager (Male) |
| 3:35 | Create | Villager (Male) |
| 3:35 | Create | Villager (Male) |
| 3:51 | Build | House |
| 3:53 | Build | House |
| 4:01 | Create | Villager (Male) |
| 4:02 | Create | Villager (Male) |
| 4:02 | Create | Villager (Male) |
| 4:02 | Create | Villager (Male) |
| 4:16 | Build | Mill |
| 4:30 | Create | Villager (Male) |
| 4:31 | Create | Villager (Male) |
| 4:31 | Create | Villager (Male) |
| 5:16 | Create | Villager (Male) |
| 5:16 | Create | Villager (Male) |
| 5:16 | Create | Villager (Male) |
| 5:35 | Create | Villager (Male) |
| 5:55 | Build | House |
| 6:34 | Create | Villager (Male) |
| 6:51 | Build | Lumber Camp |
| 7:01 | Create | Villager (Male) |
| 8:38 | Research | Feudal Age |
| 8:38 | Research | Feudal Age |
| 8:44 | Build | Mining Camp |
| 9:08 | Build | Farm |
| 9:09 | Build | Farm |
| 9:54 | Create | Villager (Male) |
| 9:54 | Create | Villager (Male) |
| 10:52 | Build | Farm |
| 10:56 | Age | Feudal Age |
| 11:00 | Build | Blacksmith |
| 11:02 | Build | Market |
| 11:24 | Build | Farm |
| 11:42 | Research | Double-Bit Axe |
| 11:48 | Research | Castle Age |
| 11:49 | Research | Castle Age |
| 12:00 | Research | Horse Collar |
| 12:31 | Build | House |
| 13:19 | Create | Villager (Male) |
| 13:24 | Build | Farm |
| 13:56 | Create | Villager (Male) |
| 14:28 | Age | Castle Age |
| 14:37 | Build | Town Center |
| 14:39 | Research | Bow Saw |
| 14:44 | Research | Loom |
| 14:45 | Create | Villager (Male) |
| 14:51 | Build | Barracks |
| 14:57 | Create | Villager (Male) |
| 15:04 | Build | Farm |
| 15:11 | Build | Farm |
| 15:31 | Research | Scale Barding Armor |
| 15:41 | Build | Stable |
| 15:44 | Build | Stable |
| 15:51 | Build | House |
| 15:59 | Create | Villager (Male) |
| 16:07 | Create | Villager (Male) |
| 16:14 | Build | Farm |
| 16:17 | Build | Farm |
| 16:29 | Create | Villager (Male) |
| 16:30 | Create | Villager (Male) |
| 16:44 | Build | Farm |
| 16:45 | Build | Farm |
| 16:48 | Create | Camel Scout |
| 16:48 | Create | Camel Scout |
| 16:52 | Create | Villager (Male) |
| 17:03 | Build | Farm |
| 17:04 | Build | Farm |
| 17:06 | Create | Villager (Male) |
| 17:18 | Create | Camel Scout |
| 17:18 | Create | Camel Scout |
| 17:28 | Build | Farm |
| 17:29 | Build | Farm |
| 17:30 | Create | Villager (Male) |
| 17:30 | Create | Villager (Male) |
| 17:40 | Create | Villager (Male) |
| 17:40 | Create | Villager (Male) |
| 17:48 | Build | House |
| 17:49 | Build | House |
| 17:52 | Create | Villager (Male) |
| 17:52 | Create | Villager (Male) |
| 17:57 | Build | Farm |
| 17:58 | Create | Villager (Male) |
| 18:07 | Build | Palisade Gate |
| 18:09 | Build | House |
| 18:12 | Create | Villager (Male) |
| 18:12 | Create | Villager (Male) |
| 18:20 | Create | Camel Scout |
| 18:29 | Research | Husbandry |
| 18:30 | Research | Husbandry |
| 18:32 | Create | Villager (Male) |
| 18:32 | Create | Villager (Male) |
| 18:35 | Build | Farm |
| 18:36 | Create | Camel Scout |
| 18:37 | Create | Camel Scout |
| 18:46 | Build | Palisade Gate |
| 18:47 | Create | Camel Scout |
| 18:48 | Create | Camel Scout |
| 18:52 | Build | Farm |
| 18:55 | Create | Villager (Male) |
| 18:56 | Create | Villager (Male) |
| 19:04 | Build | House |
| 19:07 | Create | Villager (Male) |
| 19:11 | Create | Camel Scout |
| 19:12 | Create | Camel Scout |
| 19:29 | Create | Villager (Male) |
| 19:30 | Create | Villager (Male) |
| 19:32 | Build | Farm |
| 19:43 | Build | Farm |
| 19:44 | Build | Farm |
| 19:46 | Create | Villager (Male) |
| 19:46 | Create | Villager (Male) |
| 19:54 | Build | House |
| 19:57 | Create | Villager (Male) |
| 20:02 | Build | Farm |
| 20:03 | Create | Villager (Male) |
| 20:07 | Build | Farm |
| 20:07 | Build | Farm |
| 20:33 | Research | Bloodlines |
| 20:39 | Create | Villager (Male) |
| 20:41 | Create | Villager (Male) |
| 20:45 | Build | Siege Workshop |
| 20:47 | Build | Farm |
| 20:48 | Create | Villager (Male) |
| 20:58 | Create | Scout Cavalry |
| 21:06 | Build | Farm |
| 21:07 | Build | Farm |
| 21:08 | Build | Farm |
| 21:11 | Create | Scout Cavalry |
| 21:12 | Create | Scout Cavalry |
| 21:15 | Create | Villager (Male) |
| 21:23 | Build | House |
Build order — 虞小梅
First 150 of 445 actions detected
| 0:02 | Create | Villager (Male) ×4 |
| 0:03 | Create | Villager (Male) ×4 |
| 0:04 | Build | House |
| 0:05 | Build | House |
| 1:33 | Create | Villager (Male) |
| 1:54 | Create | Villager (Male) |
| 2:25 | Create | Villager (Male) |
| 2:28 | Build | Lumber Camp |
| 2:43 | Create | Villager (Male) |
| 2:43 | Create | Villager (Male) |
| 2:56 | Create | Villager (Male) |
| 3:09 | Build | House |
| 3:11 | Build | House |
| 3:37 | Create | Villager (Male) |
| 3:37 | Create | Villager (Male) |
| 3:55 | Build | House |
| 4:01 | Create | Villager (Male) ×2 |
| 4:02 | Create | Villager (Male) ×2 |
| 4:39 | Create | Villager (Male) |
| 5:05 | Build | Mill |
| 5:06 | Create | Villager (Male) |
| 5:06 | Create | Villager (Male) |
| 5:07 | Create | Villager (Male) |
| 5:40 | Create | Villager (Male) |
| 5:41 | Create | Villager (Male) |
| 5:54 | Create | Villager (Male) |
| 6:07 | Create | Villager (Male) |
| 6:07 | Create | Villager (Male) |
| 6:55 | Create | Villager (Male) ×4 |
| 7:38 | Create | Villager (Male) |
| 7:42 | Build | Farm |
| 7:49 | Build | Farm |
| 7:51 | Build | Farm |
| 8:27 | Create | Villager (Male) |
| 8:47 | Research | Feudal Age |
| 10:08 | Create | Villager (Male) |
| 10:08 | Create | Villager (Male) |
| 10:21 | Build | Mining Camp |
| 11:22 | Age | Feudal Age |
| 11:23 | Research | Double-Bit Axe |
| 11:34 | Build | Blacksmith |
| 11:41 | Build | Market |
| 11:52 | Build | House |
| 12:03 | Research | Horse Collar |
| 12:07 | Create | Villager (Male) |
| 12:37 | Research | Castle Age |
| 12:37 | Research | Castle Age |
| 13:06 | Build | House |
| 13:07 | Build | House |
| 13:39 | Create | Villager (Male) |
| 13:40 | Create | Villager (Male) |
| 13:49 | Research | Wheelbarrow |
| 13:55 | Build | Farm |
| 13:59 | Build | Farm |
| 14:01 | Build | Farm |
| 14:04 | Build | Farm |
| 14:09 | Build | Farm |
| 14:21 | Build | Farm |
| 15:18 | Age | Castle Age |
| 15:20 | Build | Town Center |
| 15:24 | Research | Bow Saw |
| 15:31 | Build | Town Center |
| 15:57 | Research | Heavy Plow |
| 16:07 | Create | Villager (Male) ×5 |
| 16:48 | Create | Villager (Male) ×4 |
| 17:02 | Create | Villager (Male) ×5 |
| 17:05 | Build | Town Center |
| 17:17 | Create | Villager (Male) ×5 |
| 17:17 | Create | Villager (Male) ×5 |
| 17:20 | Research | Loom |
| 17:25 | Build | Farm |
| 17:26 | Create | Villager (Male) |
| 17:35 | Create | Villager (Male) |
| 17:35 | Create | Villager (Male) |
| 17:39 | Build | Farm |
| 17:41 | Build | Farm |
| 17:46 | Build | Farm |
| 17:47 | Create | Villager (Male) |
| 17:51 | Build | Farm |
| 17:52 | Build | Farm |
| 18:01 | Build | Farm |
| 18:10 | Build | Farm |
| 18:11 | Create | Villager (Male) |
| 18:11 | Create | Villager (Male) |
| 18:20 | Build | Farm |
| 18:21 | Create | Villager (Male) |
| 18:21 | Create | Villager (Male) |
| 18:25 | Build | Farm |
| 18:31 | Create | Villager (Male) |
| 18:38 | Build | Farm |
| 18:42 | Build | Farm |
| 18:43 | Create | Villager (Male) |
| 18:43 | Create | Villager (Male) |
| 18:55 | Build | Farm |
| 18:56 | Create | Villager (Male) |
| 18:58 | Create | Villager (Male) |
| 19:05 | Build | Farm |
| 19:12 | Build | Farm |
| 19:15 | Build | Farm |
| 19:15 | Create | Villager (Male) |
| 19:16 | Create | Villager (Male) |
| 19:18 | Build | Farm |
| 19:18 | Create | Villager (Male) |
| 19:19 | Create | Villager (Male) |
| 19:19 | Create | Villager (Male) |
| 19:27 | Build | House |
| 19:30 | Build | House |
| 19:31 | Build | House |
| 19:33 | Create | Villager (Male) |
| 19:33 | Create | Villager (Male) |
| 19:38 | Create | Villager (Male) |
| 19:38 | Create | Villager (Male) |
| 19:44 | Build | Farm |
| 19:47 | Build | Farm |
| 19:49 | Create | Villager (Male) |
| 19:50 | Create | Villager (Male) |
| 19:52 | Build | Farm |
| 19:53 | Create | Villager (Male) |
| 19:53 | Create | Villager (Male) |
| 19:56 | Build | Farm |
| 19:56 | Create | Villager (Male) |
| 19:57 | Create | Villager (Male) |
| 20:04 | Build | Farm |
| 20:05 | Create | Villager (Male) |
| 20:05 | Create | Villager (Male) |
| 20:10 | Build | Farm |
| 20:11 | Create | Villager (Male) |
| 20:13 | Create | Villager (Male) |
| 20:18 | Build | Farm |
| 20:18 | Create | Villager (Male) |
| 20:19 | Create | Villager (Male) |
| 20:22 | Build | Farm |
| 20:28 | Build | Farm |
| 20:31 | Create | Villager (Male) ×2 |
| 20:31 | Create | Villager (Male) ×2 |
| 20:38 | Build | House |
| 20:39 | Build | House |
| 20:44 | Create | Villager (Male) |
| 21:04 | Research | Hand Cart |
| 21:05 | Research | Hand Cart |
| 21:07 | Create | Villager (Male) |
| 21:07 | Create | Villager (Male) |
| 21:12 | Create | Villager (Male) |
| 21:12 | Create | Villager (Male) |
| 21:15 | Build | House |
| 21:20 | Create | Villager (Male) |
| 21:25 | Build | Farm |
| 21:26 | Build | Farm |
| 21:27 | Build | Farm |
| 21:31 | Build | Farm |
Build order — BruToO
33 actions detected in the replay
| 0:01 | Create | Villager (Male) ×4 |
| 0:03 | Build | House |
| 0:05 | Build | House |
| 1:33 | Create | Villager (Male) |
| 1:53 | Build | Lumber Camp |
| 1:54 | Create | Villager (Male) |
| 2:22 | Create | Villager (Male) |
| 2:52 | Create | Villager (Male) |
| 2:52 | Create | Villager (Male) |
| 3:26 | Build | House |
| 3:27 | Build | House |
| 3:31 | Build | Mill |
| 3:34 | Create | Villager (Male) |
| 4:01 | Create | Villager (Male) |
| 4:01 | Create | Villager (Male) |
| 4:24 | Build | Mining Camp |
| 4:29 | Create | Villager (Male) |
| 4:30 | Create | Villager (Male) |
| 4:58 | Create | Villager (Male) |
| 4:58 | Create | Villager (Male) |
| 4:58 | Create | Villager (Male) |
| 5:52 | Create | Villager (Male) |
| 5:52 | Create | Villager (Male) |
| 5:59 | Create | Villager (Male) |
| 6:29 | Create | Villager (Male) |
| 6:36 | Create | Villager (Male) |
| 7:13 | Create | Villager (Male) |
| 8:21 | Create | Villager (Male) |
| 8:47 | Research | Feudal Age |
| 8:47 | Research | Feudal Age |
| 8:59 | Build | Farm |
| 9:31 | Create | Villager (Male) |
| 9:40 | Build | House |
Match timeline
| 9:07 | 飘雪 · age_up feudal |
| 9:16 | survivorsteven · age_up feudal |
| 10:10 | survivorsteven · first_market_sell 100 stone |
| 10:11 | survivorsteven · first_market_buy 100 food |
| 10:42 | Cedax · age_up feudal |
| 10:54 | BruToO · resign |
| 10:55 | GRAN KHAN · age_up feudal |
| 10:56 | Suricata Tactica · age_up feudal |
| 11:22 | 虞小梅 · age_up feudal |
| 11:31 | Not_John_Terry · age_up feudal |
| 12:15 | GRAN KHAN · first_market_sell 100 wood |
| 13:03 | survivorsteven · age_up castle |
| 13:08 | survivorsteven · first_building Monastery |
| 13:41 | survivorsteven · first_building Siege Workshop |
| 14:11 | GRAN KHAN · age_up castle |
| 14:28 | Suricata Tactica · age_up castle |
| 14:38 | Cedax · age_up castle |
| 14:45 | Not_John_Terry · first_market_sell 100 food |
| 14:46 | Not_John_Terry · first_market_buy 100 stone |
| 14:51 | Suricata Tactica · first_building Barracks |
| 15:18 | 虞小梅 · age_up castle |
| 15:26 | Not_John_Terry · age_up castle |
| 15:32 | Not_John_Terry · first_building Castle |
| 15:41 | Suricata Tactica · first_building Stable |
| 16:03 | Suricata Tactica · first_market_sell 100 stone |
| 16:05 | 虞小梅 · first_market_buy 100 stone |
| 16:22 | Not_John_Terry · first_building Siege Workshop |
| 18:02 | GRAN KHAN · first_market_buy 100 stone |
| 18:26 | Suricata Tactica · first_market_buy 100 food |
| 18:32 | Cedax · first_market_buy 100 food |
| 19:50 | 飘雪 · first_building Barracks |
| 20:45 | Suricata Tactica · first_building Siege Workshop |
| 20:56 | 飘雪 · first_building Stable |
| 21:20 | 飘雪 · age_up castle |
| 21:49 | Cedax · first_building Barracks |
| 21:57 | Cedax · first_market_sell 100 food |
| 22:11 | GRAN KHAN · first_building Monastery |
| 22:50 | 虞小梅 · first_building Barracks |
| 23:01 | 飘雪 · first_building Monastery |
| 23:07 | Cedax · first_building Monastery |
| 23:44 | 虞小梅 · first_building Siege Workshop |
| 24:31 | 虞小梅 · first_market_sell 100 food |
| 25:02 | 虞小梅 · first_building Archery Range |
| 25:15 | Not_John_Terry · age_up imperial |
| 25:39 | GRAN KHAN · first_building Barracks |
| 25:58 | Cedax · first_building Stable |
| 26:28 | 虞小梅 · first_building Castle |
| 26:44 | Suricata Tactica · first_building Castle |
| 27:27 | GRAN KHAN · age_up imperial |
| 27:41 | 虞小梅 · age_up imperial |
| 27:50 | 飘雪 · age_up imperial |
| 28:06 | Cedax · first_building Castle |
| 28:07 | GRAN KHAN · first_building Stable |
| 28:28 | Cedax · first_building Siege Workshop |
| 28:42 | GRAN KHAN · first_building Castle |
| 28:45 | Cedax · age_up imperial |
| 28:55 | 飘雪 · first_building Castle |
| 30:10 | 飘雪 · first_building Archery Range |
| 30:15 | survivorsteven · age_up imperial |
| 31:10 | Not_John_Terry · first_building Barracks |
| 32:03 | Not_John_Terry · first_building Stable |
| 32:47 | Suricata Tactica · age_up imperial |
| 33:06 | survivorsteven · first_building Castle |
| 33:32 | survivorsteven · first_building Barracks |
| 35:06 | survivorsteven · first_building Archery Range |
| 38:23 | GRAN KHAN · first_building Siege Workshop |
| 39:27 | Not_John_Terry · first_building Archery Range |
| 39:33 | Suricata Tactica · first_building Archery Range |
[ AI ANALYSIS · 1 CREDIT ]
What really happened in this match?
Wolo.gg analyzes every decision: build order, eco, micro, common mistakes by bracket. Personalized analysis on WhatsApp or Discord in 30 seconds.
Civ guide
Slavs
Perfil
Jugador #2371613